 Dungeon Crawl Stone Soup version 0.29-a0-330-g52719c12eb (webtiles) character file.

Game seed: 14080032368857311617

306 kae the Changer (level 6, -13/47 HPs)
             Began as a Draconian Transmuter on May 17, 2022.
             Was an Initiate of Ru.
             Mangled by an ogre
             ... wielding a +0 giant club
              (25 damage)
             ... on level 4 of the Dungeon.
             The game lasted 00:02:40 (4238 turns).

kae the Changer (Draconian Transmuter)              Turns: 4238, Time: 00:02:40

Health: -13/47     AC:  7    Str: 13    XL:     6   Next: 16%
Magic:  7/10       EV: 12    Int: 15    God:    Ru [......]
Gold:   268        SH:  0    Dex: 11    Spells: 1/11 levels left

rFire   . . .      SeeInvis .     - Unarmed
rCold   . . .      Faith    .   (no shield)
rNeg    . . .      Spirit   .   (body armour unavailable)
rPois   .          Reflect  .   k - +0 hat {Will+}
rElec   .          Harm     .   i - +0 cloak
rCorr   .          Rampage  .   (no gloves)
Will    +....                   (no boots)
Stlth   +.........              (no amulet)
HPRegen 0.15/turn               f - ring of wizardry
MPRegen 0.12/turn               (no ring)

@: wereblooded
A: AC +6, unfitting armour, cold-blooded
a: Renounce Religion


You were on level 4 of the Dungeon.
You worshipped Ru.
Ru was noncommittal.
You visited 2 branches of the dungeon, and saw 5 of its levels.

You collected 268 gold pieces.

Inventory:

Armour
 i - a +0 cloak (worn)
 k - a +0 hat of willpower (worn)
Jewellery
 a - a ring of ice
 f - a ring of wizardry (left hand)
Scrolls
 b - 2 scrolls of immolation {unknown}
 c - a scroll of fear {unknown}
 d - 4 scrolls of identify {unknown}
 e - 2 scrolls of fog {unknown}
 g - 3 scrolls of blinking {unknown}
 n - 2 scrolls of teleportation {unknown}
 o - a scroll of brand weapon {unknown}
 p - a scroll of holy word {unknown}
Potions
 h - a potion of attraction {unknown}
 j - a potion of heal wounds {unknown}
 l - a potion of cancellation {unknown}
 m - 2 potions of curing {unknown}
 q - 2 potions of magic {unknown}
 r - a potion of resistance {unknown}


   Skills:
 - Level 1.1 Fighting
 - Level 1.7 Dodging
 + Level 4.1 Unarmed Combat
 + Level 3.1 Spellcasting
 * Level 4.4 Transmutations
 * Level 1.0 Ice Magic
 - Level 1.7 Poison Magic


You had one spell level left.
You knew the following spells:

 Your Spells              Type           Power      Damage    Failure   Level
a - Beastly Appendage     Tmut           30%        N/A       1%          1
b - Wereblood             Tmut           15%        N/A       1%          2
c - Spider Form           Tmut/Pois      11%        N/A       6%          3
d - Ice Form              Ice/Tmut       10%        N/A       26%         4

Your spell library contained the following spells:

 Spells                   Type           Power      Damage    Failure   Level
 Summon Small Mammal      Summ           8%         N/A       9%          1
 Static Discharge         Conj/Air       2%         N/A       12%         2
 Call Canine Familiar     Summ           2%         N/A       24%         3
 Summon Guardian Golem    Hex/Summ       2%         N/A       24%         3
 Dispel Undead            Necr           2%         3d7       58%         4
 Sticky Flame             Conj/Fire      2%         2d3       58%         4


Dungeon Overview and Level Annotations

Branches:
Dungeon (4/15)             Temple (1/1) D:4

Altars:
Ashenzari
Cheibriados
Fedhas
Kikubaaqudgha
Okawaru
Qazlal
Ru
Sif Muna
Trog
Uskayaw
Vehumet
Wu Jian
Xom
Yredelemnul
The Shining One

Shops:
D:1 (


Innate Abilities, Weirdness & Mutations

Your plain brown scales are hard. (AC +6)
You cannot fit into any form of body armour.
You are cold-blooded and may be slowed by cold attacks.


Message History

The hound is almost dead.
You feel a bit better.
You kill the hound!
Your Ice Magic skill increases to level 1!
You hit the goblin.
The goblin is severely wounded.
The goblin hits you with a +0 club.
You barely miss the goblin.
The goblin is severely wounded.
The goblin completely misses you.
You barely miss the goblin.
The goblin is severely wounded.
You hiss as the wereblood boils in your veins!
You hit the goblin.
You feel a bit better.
You kill the goblin!
You hiss as the wereblood boils in your veins!
You hit the ogre.
The ogre is poisoned.
The ogre is moderately wounded.
The ogre misses you.
You hit the ogre.
The ogre looks as sick as possible!
The ogre is heavily wounded.
You hiss as the wereblood boils in your veins!
The ogre hits you with a +0 giant club!!
Ouch! That really hurt!
* * * LOW HITPOINT WARNING * * *
You are too injured to fight recklessly!
You are too injured to fight recklessly!
You are too injured to fight recklessly!
You hit the ogre.
The ogre looks as sick as possible!
The ogre is heavily wounded.
You hiss as the wereblood boils in your veins!
Your transformation has ended.
Your +0 cloak unmelds from your body.
Your +0 hat of willpower unmelds from your body.
You feel strong-willed.
You closely miss the ogre.
The ogre is severely wounded.
The ogre hits you with a +0 giant club!!
Ouch! That really hurt!
You die...

#########.................
#...........#...#...)..... ###
#.........###.#.#.####.###
#>###<......................##
#...).....#......<....####....
#####.....#.#.###..##.###.....
##.......#...#.....##......
#...######.#.#.###.##......
##### #@#.#.# #.........
#O#...###.......).
....g...#.....###.......
........#.....# #.......
........#.....###.......
........#.....##...#....
........#.........######
........#####.###....# #
.......## #...# #....# #


You could see an ogre (extremely poisoned).

Vanquished Creatures
  A hound (D:4)
  4 orc priests
  7 gnolls
  2 adders (D:4)
  A worm (D:2)
  A dart slug (D:1)
  8 orcs (D:3)
  8 endoplasms
  3 giant cockroaches
  3 hobgoblins
  3 ball pythons
  8 bats
  3 frilled lizards
  7 goblins
  7 kobolds
  5 rats
71 creatures vanquished.

Notes
Turn   | Place    | Note
-------+----------+-------------------------------------------
     0 | D:1      | kae the Draconian Transmuter began the quest for the Orb.
     0 | D:1      | Reached XP level 1. HP: 16/16 MP: 3/3
   216 | D:1      | Reached XP level 2. HP: 19/23 MP: 3/5
   294 | D:1      | Learned a level 2 spell: Wereblood
   653 | D:1      | Found Giliz's Antique Weapon Shop.
   758 | D:1      | Found a faded altar of an unknown god.
  1017 | D:2      | Reached XP level 3. HP: 28/28 MP: 4/6
  1021 | D:2      | Learned a level 3 spell: Spider Form
  1166 | D:2      | Found a shimmering altar of Xom.
  2154 | D:3      | Reached XP level 4. HP: 35/35 MP: 7/7
  2163 | D:3      | Reached skill level 1 in Poison Magic
  2420 | D:3      | Reached XP level 5. HP: 24/40 MP: 3/9
  3431 | D:4      | Learned a level 4 spell: Ice Form
  3726 | D:4      | Found a staircase to the Ecumenical Temple.
  3735 | D:4      | Reached XP level 6. HP: 32/47 MP: 6/10
  3740 | Temple   | Entered the Ecumenical Temple
  4084 | Temple   | Became a worshipper of Ru the Awakened
  4231 | D:4      | Reached skill level 1 in Ice Magic
  4238 | D:4      | Mangled by an ogre

Illustrated notes

Levels and vault maps discovered:
D:1:      nicolae_arrival_somewhat_less_tricky_arrival, layout_rooms,
          shapermc_ecumenical_altar_pompeii, serial_shops,
          nicolae_lakefront_shop
D:2:      layout_basic, basic_altar, corexii_shack, st_stairs_8,
          kennysheep_donut
D:3:      layout_basic, nicolae_elevator_lobby_plus
D:4:      layout_rooms, minmay_temple_entry_proselytizer
Temple:   regret_index_temple_generic_petals

Skill      XL: |  1  2  3  4  5  6 |
---------------+-------------------+-----
Transmutations | 3 4 |  4.4
Poison Magic   | 1 |  1.7
Spellcasting   | 3 |  3.1
Unarmed Combat | 4 |  4.1
Ice Magic      | 1 |  1.0
Fighting       | |  1.1
Dodging        | |  1.7

Action                   |  1- 3 |  4- 6 || total
-------------------------+-------+-------++-------
Melee: Unarmed           |    98 |    88 ||   186
       Kick              |    22 |     1 ||    23
       Tailslap          |    10 |     1 ||    11
       Headbutt          |    13 |       ||    13
       Punch             |     1 |       ||     1
 Cast: Beastly Appendage |    27 |     2 ||    29
       Wereblood         |     1 |     2 ||     3
       Spider Form       |       |    15 ||    15
  Use: Potion            |     1 |       ||     1
Armor: Skin              |    37 |    16 ||    53
Dodge: Dodged            |    85 |    70 ||   155

Table legend: (Time is in decaauts)
 A = Elapsed time spent in this place.
 B = Non-inter-level travel time spent in this place.
 C = Inter-level travel time spent in this place.
 D = Time resting spent in this place.
 E = Time spent auto-exploring this place.
 F = Levels seen in this place.
 G = Mean time per level.
                   A        B        C        D        E       F      G
               +--------+--------+--------+--------+--------+-----+--------+
         Total |   4234 |   4091 |    143 |    694 |   2817 |   5 |  846.8 |
       Dungeon |   3867 |   3776 |     91 |    694 |   2514 |   4 |  966.8 |
        Temple |    366 |    314 |     52 |      0 |    303 |   1 |  366.0 |
               +--------+--------+--------+--------+--------+-----+--------+

Top non-repeatable levels by time:
     D:3: 1555 daAuts
     D:1: 962 daAuts
     D:2: 789 daAuts
     D:4: 560 daAuts
  Temple: 366 daAuts
